 Dungeon Crawl Stone Soup version 0.31-a0-175-g9f7f995f2b (webtiles) character file.

Game seed: 11115991000960175612

79 qw the Chopper (level 4, -2/28 HPs)
             Began as a Gargoyle Fighter on June 16, 2023.
             Slain by an ice beast (10 damage)
             ... on level 3 of the Dungeon.
             The game lasted 00:00:59 (1575 turns).

qw the Chopper (Gargoyle Fighter)                   Turns: 1575, Time: 00:01:00

Health: -2/28      AC: 15    Str: 21    XL:     4   Next: 37%
Magic:  4/4        EV:  9    Int:  9    God:
Gold:   65         SH:  4    Dex:  7    Spells: 3/3 levels left

rFire   . . .        Y - +0 war axe
rCold   . . .        c - +0 buckler
rNeg    + . .        b - +0 scale mail
rPois   inf          i - +0 helmet
rElec   +            (no cloak)
rCorr   +            (no gloves)
SInv    .            (no boots)
Will    .....        (no amulet) Stlth
                     e - ring of resist corrosion
HPRegen 0.24/turn    (no ring)
MPRegen 0.09/turn

%: no passive effects
@: no status effects
A: sickness immunity, AC +3, negative energy resistance 1, electricity
resistance, torment resistance 1, petrification resistance, iridescent scales 2,
clumsy 1
a: no special abilities


You were on level 3 of the Dungeon.
You visited 1 branch of the dungeon, and saw 3 of its levels.

You collected 65 gold pieces.


Innate Abilities, Weirdness & Mutations

You are immune to sickness and miasma.
Your stone body is resilient. (AC +3)
You are immune to poison.
You resist negative energy. (rN+)
You are resistant to electric shocks. (rElec)
You are resistant to unholy torment.
You are immune to petrification.
You are mostly covered in iridescent scales. (AC +4)
You are clumsy. (Dex -2)


   Skills:
 - Level 3.2 Fighting
 + Level 4.1 Axes
 - Level 3.2 Armour
 - Level 3.2 Shields


You had 3 spell levels left.
You didn't know any spells.
Your spell library was empty.

Inventory:

Hand Weapons
 f - a +0 mace
 Y - a +0 war axe (weapon)
Armour
 b - a +0 scale mail (worn)
 c - a +0 buckler (worn)
 i - a +0 helmet (worn)
Jewellery
 e - a ring of resist corrosion (left hand)
Potions
 a - a potion of brilliance {unknown}
 d - a potion of might
 g - a potion of enlightenment {unknown}
 h - 4 potions of mutation
 j - a potion of degeneration {unknown}

Dungeon Overview and Level Annotations

Branches:
Dungeon (3/15)

Altars:

Annotations:
D:3 Grinder


Message History

You barely miss the ice beast. Grinder hits you.
You block the ice beast's attack. The ice beast closely misses you.
Grinder hits you but does no damage.
You barely miss Grinder.
Grinder is heavily wounded.
You hit the ice beast but do no damage. Grinder hits you but does no damage.
The ice beast hits you but does no damage.
You hit Grinder.
Grinder is severely wounded.
You hit the ice beast but do no damage.
Grinder says, "Make like a tree!"
Grinder hits you but does no damage. The ice beast closely misses you.
You barely miss Grinder.
Grinder is severely wounded.
You hit the ice beast.
Grinder says, "DUCK!"
Grinder hits you but does no damage.
The ice beast hits you but does no damage.
The ice beast misses you.
Grinder blinks!
You barely miss the ice beast.
The ice beast is severely wounded.
Grinder blinks!
The ice beast barely misses you.
You hit the ice beast.
The ice beast is severely wounded.
The ice beast hits you but does no damage.
You barely miss the ice beast.
The ice beast is severely wounded.
You barely miss Grinder.
Grinder says, "At least Makhleb appreciates what I'm doing."
Grinder barely misses you.
The ice beast hits you but does no damage.
The ice beast closely misses you.
Grinder blinks!
You hit the ice beast.
The ice beast is almost dead.
The ice beast hits you but does no damage.
You closely miss the ice beast.
The ice beast is severely wounded.
Grinder blinks!
The ice beast hits you. The ice beast freezes you!
You die...

#...#....#.#
#....###.#####.#
#.##...#.......#
# ####.%.......#
#....>.......#
#.#####......#
#.# #......# #.#
#......#
#.#####.@....+
#........Y...#
######.5.....#
#...ยค...#
#.......#
#.......#
#.####### #.#
#.#


You could see Grinder and an ice beast.

Vanquished Creatures
  An adder (D:3)
  A dart slug (D:1)
  3 endoplasms
  5 giant cockroaches
  5 goblins
  6 hobgoblins
  5 jackals (D:1)
  5 kobolds
  4 quokkas
  2 ball pythons (D:1)
  6 bats
  A frilled lizard (D:1)
  20 rats
64 creatures vanquished.

Notes
Turn   | Place    | Note
-------+----------+-------------------------------------------
     0 | D:1      | qw the Gargoyle Fighter began the quest for the Orb.
     0 | D:1      | Reached XP level 1. HP: 14/14 MP: 1/1
     0 | D:1      | 0 ||| qw: Version: 0.2-a-29-g511e9b1
     0 | D:1      | 0 ||| qw: Game counter: 76
     0 | D:1      | 0 ||| qw: Always use a shield: true
     0 | D:1      | 0 ||| qw: God list: Okawaru
     0 | D:1      | 0 ||| qw: Allow faded altars: false
     0 | D:1      | 0 ||| qw: Do Orc after D:15 true
     0 | D:1      | 0 ||| qw: Do second Lair branch before Depths: true
     0 | D:1      | 0 ||| qw: Lair rune preference: random
     0 | D:1      | 0 ||| qw: Plans: Normal, Zot:1-4, Slime:5, God:TSO, Crypt,
                  | Tomb, Abyss, Pan, Hells, Win
     0 | D:1      | 0 ||| PLANNING D:1-11
    12 | D:1      | Reached skill level 2 in Axes
   121 | D:1      | Reached XP level 2. HP: 19/19 MP: 2/2
   124 | D:1      | 124 ||| Stepping ~*~*~tactically~*~*~ (stealth).
   127 | D:1      | 127 ||| Stepping ~*~*~tactically~*~*~ (stealth).
   150 | D:1      | 150 ||| Stepping ~*~*~tactically~*~*~ (stealth).
   153 | D:1      | 153 ||| Stepping ~*~*~tactically~*~*~ (stealth).
   214 | D:1      | Reached skill level 3 in Axes
   235 | D:1      | 235 ||| Stepping ~*~*~tactically~*~*~ (stealth).
   242 | D:1      | Reached XP level 3. HP: 23/23 MP: 3/3
   416 | D:1      | 416 ||| Stepping ~*~*~tactically~*~*~ (stealth).
   602 | D:1      | 602 ||| UPGRADING to ring of resist corrosion.
   603 | D:1      | 603 ||| READING scroll labelled INUT WEAGUGGO.
   604 | D:1      | 604 ||| DRINKING 2 inky potions.
   604 | D:1      | Gained mutation: You are clumsy. (Dex -2) [potion of
                  | mutation]
   604 | D:1      | Gained mutation: You are partially covered in iridescent
                  | scales. (AC +2) [potion of mutation]
   604 | D:1      | Gained mutation: You are mostly covered in iridescent
                  | scales. (AC +4) [potion of mutation]
  1008 | D:2      | Reached XP level 4. HP: 27/28 MP: 4/4
  1404 | D:2      | 1404 ||| UPGRADING to +0 helmet.
  1409 | D:2      | 1409 ||| READING scroll labelled RASTED WAIMEEF.
  1462 | D:3      | 1462 ||| Stepping ~*~*~tactically~*~*~ (stealth).
  1479 | D:3      | Reached skill level 4 in Axes
  1556 | D:3      | Noticed Grinder
  1556 | D:3      | Noticed an ice beast
  1562 | D:3      | Paralysed by Grinder for 2 turns
  1567 | D:3      | HP: 6/28 [Grinder (5)]
  1575 | D:3      | Slain by an ice beast

Levels and vault maps discovered:
D:1:      wander_arrival_desolate, layout_rooms
D:2:      layout_loops_ring, minmay_rat_hole
D:3:      layout_basic, mainiacjoe_overflow_divided_tiny, uniq_grinder

Skill      XL: |  1  2  3  4 |
---------------+-------------+-----
Axes           | 2 3 4 |  4.1
Fighting       | |  3.2
Armour         | |  3.2
Shields        | |  3.2

Action                     |  1- 3 |  4- 6 || total
---------------------------+-------+-------++-------
  Melee: War axe           |   148 |    57 ||   205
    Use: Scroll            |     1 |     1 ||     2
         Potion            |     1 |       ||     1
 Armour: Scale mail        |    94 |    45 ||   139
  Dodge: Dodged            |    94 |    32 ||   126
  Block: Buckler           |    38 |     6 ||    44

Table legend:
 A = Non-vault XP
 B = Vault XP
 C = Vault XP percentage of total XP
 D = Non-vault monster count
 E = Vault monster count
 F = Vault count percentage of total count
                 A         B        C        D         E       F
            +---------+---------+-------+---------+---------+-------
      Total |      93 |      20 |  17.7 |      45 |      19 |  29.7
            +---------+---------+-------+---------+---------+-------
        D:1 |      59 |       0 |   0.0 |      31 |       0 |   0.0
        D:2 |      16 |      20 |  55.6 |       9 |      19 |  67.9
        D:3 |      18 |       0 |   0.0 |       5 |       0 |   0.0
            +---------+---------+-------+---------+---------+-------
